 Dungeon Crawl Stone Soup version 0.27.0-1-g7a089689b8 (webtiles) character file.

Game seed: 6042667148393213475

222 Spectrina the Sneak (level 5, 0/31 HPs)
             Began as a Deep Elf Monk on Aug 10, 2021.
             Succumbed to a hornet's poison
             ... on level 4 of the Dungeon.
             The game lasted 00:11:19 (1367 turns).

Spectrina the Sneak (Deep Elf Monk)                 Turns: 1367, Time: 00:11:20

Health: 0/31       AC: 10    Str:  8    XL:     5   Next: 66%
Magic:  12/12      EV: 13    Int: 16    God:
Gold:   167        SH:  5    Dex: 17    Spells: 10/10 levels left

rFire    . . .     SeeInvis .   a - +1 dagger (freeze)
rCold    + . .     Faith    .   g - +1 buckler
rNeg     + . .     Spirit   .   c - +2 robe {rC+}
rPois    .         Reflect  .   l - +2 helmet
rElec    .         Harm     .   (no cloak)
rCorr    .         Rampage  .   e - +2 pair of gloves
Will     .....                  (no boots)
Stlth    +++.......             (no amulet)
HPRegen  0.10/turn              q - ring of positive energy
MPRegen  0.13/turn              (no ring)

@: lethally poisoned (0 -> -16), slowed, very slow
A: no striking features
a: no special abilities


You were on level 4 of the Dungeon.
You visited 1 branch of the dungeon, and saw 4 of its levels.

You collected 167 gold pieces.

Inventory:

Hand Weapons
 a - a +1 dagger of freezing (weapon)
 b - a +0 hunting sling
 m - a +0 short sword
 p - a +0 falchion
Missiles
 d - 10 poisoned darts (quivered)
 f - 63 stones
 o - 41 sling bullets
Armour
 c - a +2 robe of cold resistance (worn)
 e - a +2 pair of gloves (worn)
 g - a +1 buckler (worn)
 i - a +0 robe
 l - a +2 helmet (worn)
Jewellery
 q - a ring of positive energy (left hand)
Scrolls
 j - a scroll of enchant armour
 r - a scroll of identify {unknown}
Potions
 k - a potion of flight {unknown}


   Skills:
 - Level 2.4 Fighting
 - Level 3.0 Short Blades
 - Level 3.6 Dodging
 + Level 4.3 Stealth
 + Level 3.4 Spellcasting
 * Level 4.2 Invocations


You had 10 spell levels left.
You didn't know any spells.
Your spell library was empty.

Dungeon Overview and Level Annotations

Branches:
Dungeon (4/15)
 Temple: D:4-7

Altars:
Fedhas
Uskayaw


Message History

You see here a +0 club.
Found 11 stones and a murky brown potion.
f - 63 stones (gained 11)
The hornet buzzes angrily.
Okay, then.
Okay, then.
Throw: 10 darts (poison)
Press: ? - help, Q - select action, (/) - cycle Shift-Dir - straight line, f - hornet
Aim: a hornet (46% to hit)
Okay, then.
You aren't carrying any items that you can evoke.
Throw: 10 darts (poison)
Press: ? - help, Q - select action, (/) - cycle Shift-Dir - straight line, f - hornet
Aim: a hornet (46% to hit)
Okay, then.
Okay, then.
Unknown command.
Unknown command.
As you read the scroll labelled VARADU OJAXUI, it crumbles to dust.
You feel strangely unstable.
It was a scroll of teleportation.
The hornet stings you.
You are poisoned.
You suddenly lose the ability to move!
The hornet stings you but does no damage.
You feel sick. The hornet stings you!
You feel yourself slow down.
You feel sick.
The hornet stings you but does no damage.
The hornet stings you!
* * * LOW HITPOINT WARNING * * *
You feel as though you will be slow longer.
You can move again.
* * * LOW HITPOINT WARNING * * *
You feel sick. The hornet stings you.
* * * LOW HITPOINT WARNING * * *
You are lethally poisoned!
You feel as though you will be slow longer.
Unknown command.
Okay, then.
Your surroundings suddenly seem different.
You die...

#.# #.#
#######.#
........#
........#
........#
.$......#
..
.....!.@#
##.
........#
..
........#
#
......K.#
###
........'
...
.....!..#
..#....##
..#.##.
#.#


You could see a kobold (asleep).

Vanquished Creatures
  A water moccasin skeleton (D:4)
  A gnoll shaman (D:4)
  A hound skeleton (D:4)
  6 adders
  2 ufetubi (D:4)
  2 dart slugs
  5 orcs (D:3)
  5 endoplasms
  2 giant cockroaches
  8 goblins
  3 hobgoblins (D:2)
  7 jackals
  4 kobolds
  2 quokkas
  3 ball pythons (D:2)
  3 bats (D:2)
  2 frilled lizards (D:2)
  4 rats
61 creatures vanquished.

Notes
Turn   | Place    | Note
-------+----------+-------------------------------------------
     0 | D:1      | Spectrina the Deep Elf Monk began the quest for the Orb.
     0 | D:1      | Reached XP level 1. HP: 13/13 MP: 3/3
   119 | D:2      | Reached skill level 1 in Invocations
   164 | D:2      | Reached skill level 1 in Spellcasting
   164 | D:2      | Reached XP level 2. HP: 17/18 MP: 5/5
   180 | D:2      | Found a hide-covered altar of Uskayaw.
   409 | D:2      | Reached XP level 3. HP: 11/22 MP: 7/7
   778 | D:3      | Reached XP level 4. HP: 15/27 MP: 9/9
  1094 | D:3      | Found a blossoming altar of Fedhas.
  1260 | D:4      | Reached XP level 5. HP: 31/31 MP: 11/11
  1341 | D:4      | Noticed a hornet
  1363 | D:4      | Paralysed by a hornet for 3 turns
  1367 | D:4      | Succumbed to a hornet's poison

Illustrated notes

Levels and vault maps discovered:
D:1:      heliophobic_arrival_henge, layout_basic, basic_ecumenical_altar
D:2:      layout_basic, basic_altar, grunt_ministairs_12,
          roderic_serpentine_path, minmay_fractal_squares_gapless_5
D:3:      layout_loops_corners, fedhas_altar_2, minmay_misc_feat_roman
D:4:      layout_basic, serial_glass, glass_columns_a, glass_columns_a,
          minmay_manual_monstrance

Skill      XL: |  1  2  3  4  5 |
---------------+----------------+-----
Invocations    | 1 2 3 4 |  4.2
Spellcasting   | 1 2 3 |  3.4
Stealth        | 3 4 |  4.3
Fighting       | |  2.4
Short Blades   | |  3.0
Dodging        | |  3.6

Action                   |  1- 3 |  4- 6 || total
-------------------------+-------+-------++-------
Melee: Short sword       |   175 |     3 ||   178
       Dagger            |       |    90 ||    90
 Fire: Hunting sling     |     4 |    36 ||    40
Throw: Dart              |    10 |     8 ||    18
  Use: Scroll            |       |     2 ||     2
       Potion            |       |     1 ||     1
 Stab: Sleeping          |     7 |     1 ||     8
Armor: Robe              |    48 |    31 ||    79
Dodge: Dodged            |   110 |    54 ||   164
Block: Buckler           |    14 |    14 ||    28
